Cogmind - Beta 13 @@@ ROGUE MODE // 2024.05.13 @ 13:29:25 Player: ThemBee Result: Smashed by cave-in Performance ------------- Evolutions (0) 0 Regions Visited (2) 400 Robots Destroyed (21) 105 Value Destroyed (454) 454 Prototype IDs (3) 60 Alien Tech Used (0) 0 Bonus (0) 0 TOTAL SCORE: 1019 Bonus ------- None Cogmind --------- Core Integrity 0/250 Matter 286/300 Energy 100/100 System Corruption 0% Temperature Cool (0) Movement Treading (160) Location -10/Subcaves Parts ------- > --- POWER (1) -------- Subdweller Power Source > --- PROPULSION (2) --- Light Treads Improved Treads > --- UTILITY (2) ------ Large Storage Unit Structural Scanner > --- WEAPON (2) ------- Improved Light Cannon Mace > --- INVENTORY (15) --- Improved Treads Improved Treads Improved Treads Wheel Wheel Improved Heat Sink Seismic Detector Light Armor Plating Light Armor Plating Improved Light Cannon Improved Light Cannon Improved Light Cannon Battle Cannon Grenade Launcher Peak State ------------ > --- POWER ------------ Subdweller Power Source > --- PROPULSION ------- Light Treads Improved Treads > --- UTILITY ---------- Large Storage Unit Structural Scanner > --- WEAPON ----------- Improved Light Cannon Improved Light Cannon > --- INVENTORY -------- Improved Treads Improved Treads Improved Treads Wheel Wheel Improved Heat Sink Seismic Detector Light Armor Plating Light Armor Plating Improved Light Cannon Improved Light Cannon Battle Cannon Grenade Launcher Mace [Rating: 13] Favorites ----------- Power Ion Engine Engine Ion Engine Propulsion Wheel Treads Improved Treads Wheel Wheel Utility Large Storage Unit Device Structural Scanner Storage Large Storage Unit Weapon Improved Light Cannon Energy Gun Medium Laser Ballistic Gun Assault Rifle Ballistic Cannon Improved Light Cannon Impact Weapon Mace Build | -11 -10 -10 ------- Run | Yrd Mat Sub Slots Evolved . | . . . Power . | . . . Propulsion . | . . . Utility . | . . . Weapon . | . . . Parts Attached 23 | 7 7 9 Power 2 | 1 . 1 Engine 2 | 1 . 1 Core . | . . . Reactor . | . . . Propulsion 4 | 2 . 2 Treads 2 | . . 2 Leg . | . . . Wheel 2 | 2 . . Hover . | . . . Flight . | . . . Utility 4 | 2 2 . Device 2 | 1 1 . Storage 2 | 1 1 . Processor . | . . . Hackware . | . . . Protection . | . . . Artifact . | . . . Weapon 13 | 2 5 6 Energy Gun 1 | 1 . . Energy Cannon . | . . . Ballistic Gun 1 | 1 . . Ballistic Cannon 6 | . 3 3 Launcher . | . . . Special Weapon . | . . . Impact Weapon 5 | . 2 3 Slashing Weapon . | . . . Piercing Weapon . | . . . Special Melee Weapon . | . . . Unidentified Prototypes . | . . . Parts Lost 1 | . . 1 Power 1 | . . 1 Propulsion . | . . . Utility . | . . . Weapon . | . . . Highest Loss Streak 1 | . . 1 To Critical Strikes . | . . . Average Slot Usage (%) 99 | . 100 99 Engine 13 | . 14 13 Treads 11 | . . 23 Wheel 16 | . 28 4 Device 14 | . 14 14 Storage 14 | . 14 14 Ballistic Cannon 20 | . 19 21 Impact Weapon 6 | . 6 6 Naked Turns . | . . . Heaviest Build 34 | 15 34 34 Greatest Support 43 | 20 20 43 Greatest Overweight (x) 1 | 1 1 1 Average Overweight (x) . | . . . Largest Inventory Capacity 15 | 8 15 15 Average Capacity 13 | 7 12 15 Most Carried 14 | 6 13 14 Average Carried 11 | 4 9 13 Final Capacity 15 | 8 15 15 Final Carried 14 | 6 13 14 Class Distribution -------------------- 100% | Mutant Dominant Class ---------------- Mutant | -10/Materials Mutant | -10/Subcaves Resources | -11 -10 -10 ----------- Run | Yrd Mat Sub Matter Collected 771 | 239 240 292 Remotely . | . . . Salvage Created 306 | 57 171 78 Parts 33 | 3 22 8 Haulers Intercepted . | . . . Recyclers Shooed . | . . . Parts Field Recycled . | . . . Retrieved Matter . | . . . Parts Self-Destructed 7 | . . 7 Prevented . | . . . Kills | -11 -10 -10 ------- Run | Yrd Mat Sub Combat Hostiles Destroyed 14 | . 8 6 Cannons 14 | . 8 6 Classes Destroyed 7 | 1 5 1 Worker 1 | . 1 . Tunneler 2 | 2 . . Operator 1 | . 1 . Watcher 3 | . 3 . Swarmer 6 | . 6 . Grunt 3 | . 2 1 Subdweller 5 | . . 5 Best Kill Streak 5 | 2 5 2 Combat Bots Only 5 | . 5 2 Max Kills in Single Turn 2 | 1 2 1 Gunslinging . | . . . Exploded . | . . . Melee . | . . . Uniques/NPCs Destroyed . | . . . Combat | -11 -10 -10 -------- Run | Yrd Mat Sub Hostile Shots Fired 58 | . 26 32 Missed 19 | . 8 11 Damage Taken 807 | . 204 603 Core 254 | . 9 245 Absorbed by Shields . | . . . Core Remaining (%) 100 | 100 . . Volleys Fired 48 | 2 20 26 Largest 2 | 2 2 2 Hottest 78 | 70 78 78 Shots Fired 95 | 4 40 51 Gun 8 | 4 4 . Cannon 87 | . 36 51 Launcher . | . . . Special . | . . . Kinetic 91 | 2 38 51 Thermal 4 | 2 2 . Explosive . | . . . Electromagnetic . | . . . Robot Hit Streak 13 | 3 6 13 Robot Miss Streak 4 | . 4 3 Penetration Max . | . . . Secondary Targets . | . . . Shots Hit Robots 59 | 3 20 36 Core Hits 25 | 2 12 11 Critical Kills . | . . . Critical Parts Destroyed . | . . . Critical Strikes 5 | 1 1 3 Burn 1 | 1 . . Blast 4 | . 1 3 Melee Attacks 14 | . 5 9 Impact 14 | . 5 9 Slashing . | . . . Piercing . | . . . Sneak Attacks . | . . . Combat Hostiles . | . . . Follow-up Attacks . | . . . Damage Inflicted 1283 | 40 516 727 Guns 51 | 40 11 . Cannons 1198 | . 471 727 Explosions . | . . . Melee 34 | . 34 . Ramming . | . . . Kinetic 1224 | 15 482 727 Thermal 25 | 25 . . Explosive . | . . . Electromagnetic . | . . . Impact 34 | . 34 . Slashing . | . . . Piercing . | . . . Highest Corruption . | . . . Average Corruption . | . . . Corruption Purged . | . . . Corruption Blocked . | . . . Overload Shots . | . . . Overflow Damage 12 | . 12 . Projectiles . | . . . Explosions . | . . . Melee 12 | . 12 . Knockbacks 15 | . 6 9 Impact . | . . . Kinetic 14 | . 5 9 Secondary 1 | . 1 . Self-Inflicted Damage . | . . . Shots . | . . . Rammed . | . . . Targets Rammed . | . . . Kicked . | . . . Crushed . | . . . Highest Temperature 90 | 9 90 . Average Temperature 29 | 6 31 . Received Heat Transfer 90 | . 36 54 Siege Activations . | . . . Robots Corrupted . | . . . Combat Hostiles . | . . . Parts Fried 1 | . 1 . Impact Corruptions 1 | . 1 . Robots Melted . | . . . Combat Hostiles . | . . . Parts Melted 1 | 1 . . Heat Transferred 148 | 148 . . Parts Sabotaged . | . . . Parts Stolen . | . . . Parts Stripped . | . . . Power Chain Reactions . | . . . Alert | -11 -10 -10 ------- Run | Yrd Mat Sub Peak Influence 279 | 10 279 . Initial 6 | . 6 . Average 92 | 1 99 . Maximum Alert Level 1 | . 1 . Low Security (%) 86 | 100 85 . Level 1 13 | . 14 . Level 2 . | . . . Level 3 . | . . . Level 4 . | . . . Level 5 . | . . . High Security . | . . . Max Security . | . . . Squads Dispatched 1 | . 1 . Investigation 1 | . 1 . Extermination . | . . . Reinforcement . | . . . Assault . | . . . Garrison . | . . . Intercept . | . . . Searches Triggered . | . . . Construction Impeded . | . . . Haulers Reinforced . | . . . Active Scanning Responses . | . . . Cargo Convoy Interrupts . | . . . Stealth | -11 -10 -10 --------- Run | Yrd Mat Sub Distress Signals . | . . . Communications Jammed . | . . . Distress Signals . | . . . Times Spotted 23 | . 15 8 Peak Tracking Total 3 | . 3 3 Tactical Retreats 1 | . 1 . Traps | -11 -10 -10 ------- Run | Yrd Mat Sub Traps Triggered 2 | . 1 1 Indirectly . | . . . Trap Hack Attempts . | . . . Triggered . | . . . Disarmed . | . . . Reprogrammed . | . . . Reused . | . . . Traps Extracted . | . . . Installed . | . . . Triggered . | . . . Machines | -11 -10 -10 ---------- Run | Yrd Mat Sub Machines Disabled . | . . . Max in Single Turn . | . . . Machines Repaired . | . . . Machines Dismantled . | . . . Machines Sabotaged . | . . . Overloaded Fab Kills . | . . . Hacking | -11 -10 -10 --------- Run | Yrd Mat Sub Machines Accessed 6 | . 6 . Terminals 6 | . 6 . Fabricators . | . . . Repair Stations . | . . . Recycling Units . | . . . Scanalyzers . | . . . Garrison Access . | . . . Total Hacks 14 | . 14 . Successful 7 | . 7 . Failed 7 | . 7 . Catastrophic 1 | . 1 . Database Lockouts . | . . . Manual 6 | . 6 . Terminals 14 | . 14 . Fabricators . | . . . Repair Stations . | . . . Recycling Units . | . . . Scanalyzers . | . . . Garrison Access . | . . . Terminal Hacks 5 | . 5 . Prototype ID Bank 2 | . 2 . Locate Traps 2 | . 2 . Hauler Manifests 1 | . 1 . Fabricator Hacks . | . . . Repair Station Hacks . | . . . Recycling Unit Hacks . | . . . Scanalyzer . | . . . Garrison Access Hacks . | . . . Unauthorized Hacks 2 | . 2 . Terminals 2 | . 2 . Botnet 2 | . 2 . Fabricators . | . . . Repair Stations . | . . . Recycling Units . | . . . Scanalyzers . | . . . Garrison Access . | . . . Data Cores Recovered 1 | . 1 . Used . | . . . Hacking Detections 5 | . 5 . Full Trace Events 2 | . 2 . Feedback Events . | . . . Feedback Blocked . | . . . Robot Schematics Acquired . | . . . Robots Built . | . . . Authchips . | . . . Time . | . . . Total Robot Build Rating . | . . . Part Schematics Acquired . | . . . Parts Built . | . . . Authchips . | . . . Time . | . . . Total Part Build Rating . | . . . Parts Repaired . | . . . Time . | . . . Parts Recycled . | . . . Recycled Matter . | . . . Retrieved Matter . | . . . Retrieved Components . | . . . Parts Scanalyzed . | . . . Part Schematics Acquired . | . . . Parts Damaged . | . . . Bothacking | -11 -10 -10 ------------ Run | Yrd Mat Sub Used RIF Installer . | . . . Robots Hacked . | . . . Non-combat . | . . . Combat . | . . . Robot Hacks Applied . | . . . Relay Couplers Released . | . . . Fabnet Peak Effective % . | . . . Robots Rewired . | . . . Allies Hacked . | . . . Hacks Repelled . | . . . Allies | -11 -10 -10 -------- Run | Yrd Mat Sub Total Allies . | . . . Largest Group . | . . . Highest-Rated Group . | . . . Highest-Rated Ally . | . . . Total Orders . | . . . Ally Attacks . | . . . Total Damage . | . . . Kills . | . . . Allies Corrupted . | . . . Allies Melted . | . . . Intel | -11 -10 -10 ------- Run | Yrd Mat Sub Robot Analysis Total . | . . . Derelict Logs Recovered 1 | . . 1 Drone Launches . | . . . Drone Recoveries . | . . . Exploration | -11 -10 -10 ------------- Run | Yrd Mat Sub Turns Passed 1992 | 74 971 947 Spaces Moved 1445 | 64 847 534 Core 4 | 4 . . Treads 447 | . . 447 Legs . | . . . Wheels 994 | 60 847 87 Hover . | . . . Flight . | . . . Fastest Speed 50 | 50 80 95 Average Speed 111 | 79 90 149 Slowest Speed 160 | 95 95 160 Overloaded Moves . | . . . Propulsion Burnouts . | . . . Robots Hopped . | . . . Cave-ins Triggered 1 | . . 1 Exploration Rate (%) 47 | 5 100 38 Regions Visited 2 Branch Regions 1 Pre-discovered Areas 1 | . . 1 Known Exits Taken . | . . . Unknown Exits Taken 2 | 1 1 . Scrap Searched 6 | . . 6 Spaces Dug 4 | . 3 1 Terrain Destroyed 6 | . 5 1 Melee 4 | . 3 1 Projectile 2 | . 2 . AOE . | . . . Terrain Rammed . | . . . Walls Destroyed . | . . . Machines Disabled . | . . . Actions | -11 -10 -10 --------- Run | Yrd Mat Sub Total 1694 | 79 1005 610 Wait 135 | 1 103 31 Move 1443 | 63 846 534 Hop . | . . . Pick Up 19 | 6 12 1 Fast Attach 11 | 7 3 1 Attach . | . . . Detach 3 | . 3 . Swap 12 | . 4 8 Drop 9 | . 9 . Fire 48 | 2 20 26 Melee 14 | . 5 9 Ram . | . . . Kick . | . . . Crush . | . . . Escape Stasis . | . . . Rewire . | . . . Trap . | . . . Miscellaneous . | . . . Route ------- -11/Scrapyard -10/Materials (discovered 5 exits: [*Mat x3] / [*Min] / [*Sub]) -10/Subcaves History --------- Turn | Location | Event 20 | -11/Scrapyard | Discovered new exit (range 16) 75 | -11/Scrapyard | Entered Materials 95 | -10/Materials | Discovered new exit (range 16) 270 | -10/Materials | Discovered new exit (range 14) 312 | -10/Materials | Build established: Mutant 342 | -10/Materials | Discovered new exit (range 4) 445 | -10/Materials | Discovered new exit (range 8) 1039 | -10/Materials | Discovered new exit (range 10) 1046 | -10/Materials | Entered Subcaves 1762 | -10/Subcaves | Disturbed a concealed Subdweller 1994 | -10/Subcaves | Crushed by falling debris 1994 | -10/Subcaves | Smashed by cave-in Last Messages --------------- 01773_ Acquired 22 matter. 01775_ Searching scrap... 01775_ Found Battle Cannon. 01775_ Found 19 Matter. 01776_ Acquired 19 matter. 01776_ Searching scrap... 01776_ Found Battle Cannon. 01776_ Found 21 Matter. 01777_ Acquired 21 matter. 01780_ Searching scrap... 01780_ Found Flamer. 01780_ Found Battle Cannon. 01780_ Found 27 Matter. 01781_ Acquired 6 matter. 01781_ Searching scrap... 01781_ Found Sub. Laser. 01781_ Found Sub. Machine Gun. 01781_ Found 34 Matter. 01994_ The unstable cave ceiling collapses. 01994_ Crushed by falling debris. Map ----- +----------------------------------------------------+ | ######### #### ########## ######### | | #### ###### ### #### | | ###### ## ## # #### | | ##### ### != ### | | #### #### ### ### | | ### ########## # # #### | | #### ########### ########## ### | | #### ### ###### ########### | | ### ### ## ###??????## | | ### ### ###??????### # | | ### ##### "####???##### # | | ## ####### ## #####???### | | ## ###?#############????## | | ####???#########??????"" #### | | ## #####???########??????"" ##### | | ### ########### ""#?????? ## ##### # | | #### ###### # "##???? ## ###?### ## | | ######## ## "" "##???? ? ###?###### | | ??###### ### "" ###???? ? ?????##### | | ??????## ## "# """###?????? ## ?????????? | | ??????### #####""""##?????? #### ?????????? | | ??????#### ######"" ##?????? #### ??????????? | | ???????###### #####" ##?###?????## ??????????? | | ????????## ## # #" ####### ? ##?????????????? | | ????????## " ##" ## ##?????????????? | | ????????## "" @ """ ##?????????????? | | ????????## #### ##"""" "#?????????????? | | ????????## #########" "" ???????????????? | | ????????## "############" ???????????????? | | ????????## ""##???????#### ##????????????????? | | ????????## ####???????????###????????????????? | | ????????##### ####???????????###????????????????? | | ????????###### ##????????????????????????????????? | | ???????????######????????????????????????????????? | | ????????????#####????????????????????????????????? | | ?????????????????????????????????????????????????? | | ?????????????????????????????????????????????????? | | ?????????????????????????????????????????????????? | | ?????????????????????????????????????????????????? | | ?????????????????????????????????????????????????? | | ?????????????????????????????????????????????????? | | ?????????????????????????????????????????????????? | | ?????????????????????????????????????????????????? | | ?????????????????????????????????????????????????? | | ?????????????????????????????????????????????????? | | ?????????????????????????????????????????????????? | | ?????????????????????????????????????????????????? | | ?????????????????????????????????????????????????? | | ?????????????????????????????????????????????????? | | ?????????????????????????????????????????????????? | +----------------------------------------------------+ Best States ------------- Heat Dissipation 25 Energy Generation 15 Energy Capacity 250 Matter Stores 300 Matter Capacity 300 Sight Range 16 Terrain Scan Density 10 Evasion (%) 44 Recoil Reduction 2 Item Schematics ----------------- None Robot Schematics ------------------ None Fabricated ------------ Nothing Alien Tech Used ----------------- None Achievements -------------- None Challenges ------------ None Game ------ Seed AngularSalvageCore Manual? 0 Play Time 00:21:10 Cumulative 65.6 hours Start 2024.05.13 @ 11:33:25 End 2024.05.13 @ 13:29:25 Sessions 2 Manual Loads 0 Difficulty Rogue Special Mode None Game No. 42 Rogue 42 Adventurer 0 Explorer 0 Win Type - Total 1 Types 1/0/0/0/0/0/0/0/0 Lore% 29 Gallery% 43 Achievement% 35 Wizard Run 0 Options --------- Layout 2 ASCII 0 Keyboard 0 Movement Numpad Keybinds 0 Fullscreen 2 Font 24/Smallcaps Map View 50x44 Zoom Use 0% Tactical HUD 1 Map Filters NONE Filters NONE Steam 1 RUN: f1741e1e-3a9c-44f0-bcc8-cf564f37941b